 Dungeon Crawl Stone Soup version 0.28-a0-305-g9e858e973b (webtiles) character file.

Game seed: 6465303937011327454

52353 lunkers the Thaumaturge (level 15, -42/129 HPs)
             Began as a Djinni Earth Elementalist on Aug 19, 2021.
             Was the Champion of Ashenzari.
             Killed from afar by a frost giant (63 damage)
             ... with a bolt of cold
             ... in an ice cave on Aug 29, 2021.
             The game lasted 00:33:55 (19634 turns).

lunkers the Thaumaturge (DjEE)                     Turns: 19634, Time: 00:33:56

Health: -42/129    AC: 11    Str:  5    XL:     15   Next: 5%
Gold:   1541       EV: 16    Int: 22    God:    Ashenzari [******] SH: 26 Dex: 15

rFire   + + .      SeeInvis +   D - +9 staff of Olgreb {rPois∞, Melee, Evo} (curse)
rCold   . . .      Faith    .   I - +2 tower shield "Eternal Incredulity" {Cun, Fort} (curse)
rNeg    + . .      Spirit   .   M - +0 troll leather armour of the Revealing Sun {Regen+, Evo, Range} (curse)
rPois   ∞          Reflect  +   v - +2 helmet "Activism of Ashenzari" {Self, Evo} (curse)
rElec   .          Harm     .   G - +2 cloak of Ashenzari's Fetters {Cun, Self} (curse)
rCorr   +          Rampage  .   m - +0 pair of gloves "Ennui of the Bound Sage" {Melee, Cun} (curse)
Will    ++...      Clarity  +   (boots unavailable)
Stlth   +++.......              f - amulet "Cursed Together" {Reflect SH+5, Self, Evo} (curse)
HPRegen 1.31/turn               b - ring of Ashenzari's Vision {rC+ rN+ Will+, Evo, Fort} (curse)
MPRegen 0.00/turn               e - ring of the Tethered Sun {rCorr, Self, Melee} (curse)

@: flying
A: sickness immunity, fire resistance 2, cold vulnerability 1, float, innate
caster, hp casting, extra vitality 1, weak 1
a: Renounce Religion, Shatter the Chains


You were in an ice cave.
You worshipped Ashenzari.
Ashenzari was exalted by your worship.
You visited 4 branches of the dungeon, and saw 18 of its levels.
You also visited: Bailey and Ice Cave.

You collected 2410 gold pieces.
You spent 869 gold pieces at shops.

Inventory:

Hand Weapons
 D - the cursed +9 staff of Olgreb (weapon) {rPois∞, Melee, Evo}
   (You found it on level 8 of the Dungeon)

   If the wielder is skilled in Evocations, they can envenom those struck by it,
   dealing poison damage which bypasses armour.
   It enhances your poison magic.
   It grants immunity to poison.
   It can be evoked to radiate toxic energy, with effectiveness depending on
   Evocations skill.
   It has a curse which improves the following skills: Melee Combat: Short
   Blades, Long Blades, Axes, Maces & Flails, Polearms, Staves and Unarmed
   Combat.
   Evocations: Evocations.
Missiles
 s - 252 stones
 H - 2 throwing nets
Armour
 i - a +0 pair of gloves
 m - the cursed +0 pair of gloves "Ennui of the Bound Sage" (worn) {Melee, Cun}
   (You found it on level 2 of the Dungeon)

   It has a curse which improves the following skills: Melee Combat: Short
   Blades, Long Blades, Axes, Maces & Flails, Polearms, Staves and Unarmed
   Combat.
   Cunning:   Dodging and Stealth.
 r - a +2 buckler of cold resistance
 v - the cursed +2 helmet "Activism of Ashenzari" (worn) {Self, Evo}
   (You found it on level 4 of the Dungeon)

   It has a curse which improves the following skills: Introspection: Fighting
   and Spellcasting.
   Evocations: Evocations.
 G - the cursed +2 cloak of Ashenzari's Fetters (worn) {Cun, Self}
   (You found it on level 8 of the Dungeon)

   It has a curse which improves the following skills: Cunning: Dodging and
   Stealth.
   Introspection: Fighting and Spellcasting.
 I - the cursed +2 tower shield "Eternal Incredulity" (worn) {Cun, Fort}
   (You took it off an orc wizard on level 9 of the Dungeon)

   It has a curse which improves the following skills: Cunning: Dodging and
   Stealth.
   Fortitude: Armour and Shields.
 L - a +2 kite shield
 M - the cursed +0 troll leather armour of the Revealing Sun (worn) {Regen+, Evo, Range}
   (You found it on level 2 of the Orcish Mines)

   Regen:     It increases your rate of health regeneration.
   It has a curse which improves the following skills: Evocations: Evocations.
   Ranged Combat: Slings, Bows, Crossbows and Throwing.
Magical Staves
 B - a staff of conjuration
Jewellery
 b - the cursed ring of Ashenzari's Vision (left hand) {rC+ rN+ Will+, Evo, Fort}
   (You bought it in a shop on level 2 of the Orcish Mines)

   [ring of willpower]

   rC:        It protects you from cold.
   rN:        It protects you from negative energy.
   Will:      It increases your willpower.
   It has a curse which improves the following skills: Evocations: Evocations.
   Fortitude: Armour and Shields.
 e - the cursed ring of the Tethered Sun (right hand) {rCorr, Self, Melee}
   (You found it on level 1 of the Dungeon)

   [ring of resist corrosion]

   rCorr:     It protects you from acid and corrosion.
   It has a curse which improves the following skills: Introspection: Fighting
   and Spellcasting.
   Melee Combat: Short Blades, Long Blades, Axes, Maces & Flails, Polearms,
   Staves and Unarmed Combat.
 f - the cursed amulet "Cursed Together" (around neck) {Reflect SH+5, Self, Evo}
   (You found it on level 6 of the Dungeon)

   [amulet of reflection]

   It reflects blocked missile attacks.
   SH:        It affects your SH (+5).
   It has a curse which improves the following skills: Introspection: Fighting
   and Spellcasting.
   Evocations: Evocations.
 p - a ring of willpower
 N - a ring of ice
Wands
 l - a wand of paralysis (17)
 A - a wand of iceblast (7)
 O - a wand of flame (13)
Scrolls
 c - 4 scrolls of magic mapping
 d - a scroll of blinking
 g - a scroll of enchant weapon
 n - 7 scrolls of teleportation
 q - 2 scrolls of enchant armour
 t - 4 scrolls of fear
 x - 2 scrolls of fog
 y - a scroll of silence
 J - a scroll of brand weapon
Potions
 a - 6 potions of heal wounds
 h - a potion of attraction
 j - 3 potions of resistance
 o - 5 potions of brilliance
 u - 6 potions of might
 w - a potion of haste
 z - 10 potions of curing
 C - 4 potions of cancellation
 E - a potion of invisibility
 F - 5 potions of mutation
 K - 2 potions of ambrosia
 Q - a potion of experience
Miscellaneous
 k - a phantom mirror
 P - a tin of tremorstones (2/2)


   Skills:
 + Level 12.5(19.1) Fighting
 + Level 9.3(14.9) Dodging
 - Level 1.5(5.3) Stealth
 * Level 11.3(15.5) Shields
 + Level 12.9(19.4) Spellcasting
 - Level 2.7(9.1) Evocations


You had 18 spell levels left.
You knew the following spells:

 Your Spells              Type           Power      Damage    Failure   Level
a - Stone Arrow           Conj/Erth      100%       3d13      0%          3
b - Passwall              Tmut/Erth      68%        N/A       0%          2
c - Sandblast             Erth           100%       2d20      0%          1
d - Petrify               Tmut/Erth      82%        N/A       1%          4
e - Sting                 Tmut/Pois      100%       1d8       0%          1
f - Call Imp              Summ           82%        N/A       0%          2
g - Poisonous Vapours     Pois/Air       100%       N/A       0%          2
h - Summon Guardian Gole  Hex/Summ       82%        N/A       0%          3
i - Silence               Hex/Air        41%        N/A       1%          5
j - Agony                 Necr           82%        N/A       1%          5
k - Conjure Ball Lightni  Conj/Air       41%        3x3d13    1%          6
Your spell library was empty.

Dungeon Overview and Level Annotations

Branches:
Dungeon (11/15)            Temple (1/1) D:4            Lair (4/6) D:11
 Spider (0/4) Lair:4          Orc (2/2) D:9             Elf (0/3) Orc:2
 Bailey (visited)           IceCv (1/1)
  Swamp: Lair:2-4    Shoals: Lair:2-4

Altars:
Ashenzari
Cheibriados
Dithmenos
Elyvilon
Fedhas
Gozag
Hepliaklqana
Kikubaaqudgha
Makhleb
Nemelex Xobeh
Okawaru
Qazlal
Ru
Sif Muna
Trog
Uskayaw
Vehumet
Wu Jian
Xom
Yredelemnul
Zin
The Shining One

Shops:
D:6 [   D:7 =   D:8 (*![   Orc:2 *!(=[

Annotations:
D:8 1 runed translucent door
Lair:1 2 runed translucent doors, jejorda2's ghost, journeyman MfBe
Orc:1 2 runed translucent doors, Cinyl's ghost, journeyman DrGl IceCv exclusion: ice statue


Innate Abilities, Weirdness & Mutations

You are immune to sickness and miasma.
You are immune to poison.
Your flesh is very heat resistant. (rF++)
You are vulnerable to cold. (rC-)
You float through the air rather than walking.
You learn spells naturally, not from books.
Your magical power is your life essence.
You have superior vitality. (+4 HP)
You are weak. (Str -2)


Message History

Press: ? - help, Shift-Dir - straight line, f/p - frost giant
Aim: a frost giant, wielding a +0 battleaxe of freezing (petrified, 100% to hit)
The stone arrow hits the frost giant!!
The frost giant is lightly wounded.
* * * LOW HITPOINT WARNING * * *
Unknown command.
Casting: Stone Arrow (safe; 0% risk of failure)
Confirm with . or Enter, or press ? or * to list all spells.
Aiming: Stone Arrow (safe; 0% risk of failure)
Press: ? - help, Shift-Dir - straight line, f/p - frost giant
Aim: a frost giant, wielding a +0 battleaxe of freezing (lightly wounded, petrified, 100% to hit)
The stone arrow hits the frost giant!!
The frost giant is moderately wounded.
* * * LOW HITPOINT WARNING * * *
Unknown command.
Unknown command.
Casting: Stone Arrow (safe; 0% risk of failure)
Confirm with . or Enter, or press ? or * to list all spells.
Aiming: Stone Arrow (safe; 0% risk of failure)
Press: ? - help, Shift-Dir - straight line, f/p - frost giant
Aim: a frost giant, wielding a +0 battleaxe of freezing (moderately wounded, petrified, 100% to hit)
The stone arrow hits the frost giant.
The frost giant is moderately wounded.
* * * LOW HITPOINT WARNING * * *
Unknown command.
Unknown command.
Casting: Stone Arrow (safe; 0% risk of failure)
Confirm with . or Enter, or press ? or * to list all spells.
Aiming: Stone Arrow (safe; 0% risk of failure)
Press: ? - help, Shift-Dir - straight line, f/p - frost giant
Aim: a frost giant, wielding a +0 battleaxe of freezing (moderately wounded, petrified, 100% to hit)
The stone arrow hits the frost giant but does no damage.
The frost giant is moderately wounded.
* * * LOW HITPOINT WARNING * * *
Unknown command.
Unknown command.
The frost giant is no longer petrified.
The frost giant points at you and mumbles some strange words.
The bolt of cold hits you!!!
You die...

###..#######..########.#.####
####..#####..##########..###
#####.†#####..########..####
####...######††#######.#####
###...########.######.#.####
##..†#########..####...#####
##..†##########..#.C#.######
###...###########.#..######
###...##########@#.#.#..##
##...†.## #####..#.#!#.##
#...∩...# #####......###
#.......# #############
##..∩..## #############
###...### ###########
######### #########


You could see a frost giant.

Vanquished Creatures
  An orc warlord (Orc:2)
  Nessos (Orc:2)
  Snorg (Orc:1)
  Fannar (Lair:2)
  A hydra (Lair:3)
  An ice dragon (Lair:4)
  A catoblepas (Lair:3)
  3 two-headed ogres
  4 death yaks (IceCv)
  3 orc high priests (Orc:2)
  Nergalle (Lair:2)
  5 orc knights
  3 orc sorcerers (Orc:2)
  Maurice (D:8)
  A cyclops (D:11)
  A black mamba (Lair:4)
  2 elephants (Lair:2)
  2 gargoyles
  12 cane toads
  5 rime drakes
  5 komodo dragons
  2 queen bees
  4 trolls
  9 polar bears
  A slime creature (D:7)
  12 blink frogs
  3 redbacks (D:8)
  4 wyverns (Lair:2)
  46 yaks
  6 basilisks
  2 wargs (Orc:2)
  14 water moccasins
  An acid dragon (D:9)
  A black bear (D:4)
  A necrophage (D:8)
  33 orc warriors
  An ice beast (D:6)
  2 sky beasts
  4 ogres (Orc:2)
  5 centaurs
  14 wolves
  A phantom (D:6)
  2 kobold brigands
  11 bullfrogs
  9 scorpions
  49 killer bees
  6 howler monkeys
  5 wights (D:6)
  A bullfrog zombie (D:6)
  3 hounds
  5 centaur zombies
  13 orc priests
  A gnoll shaman (D:7)
  4 jellies
  20 orc wizards
  A howler monkey zombie (D:7)
  22 gnolls
  A howler monkey skeleton (D:7)
  8 adders
  A river rat (Lair:2)
  A white imp (D:8)
  2 ufetubi (D:5)
  An adder zombie (D:5)
  A worm (D:4)
  2 dart slugs
  84 orcs
  4 ball pythons
  21 endoplasms
  2 giant cockroaches
  9 goblins
  9 hobgoblins
  4 jackals (D:3)
  A quokka (D:1)
  3 bats
  4 frilled lizards
  22 kobolds
  2 rats
  2 butterflies (Lair:2)
557 creatures vanquished.

Vanquished Creatures (others)
  31 fungi
  6 plants
37 creatures vanquished.

Grand Total: 594 creatures vanquished

Notes
Turn   | Place    | Note
-------+----------+-------------------------------------------
     0 | D:1      | lunkers the Djinni Earth Elementalist began the quest for
                  | the Orb.
     0 | D:1      | Reached XP level 1. HP: 15/15 MP: 0/0
   250 | D:1      | Reached XP level 2. HP: 19/22 MP: 0/0
   586 | D:1      | Reached skill level 1 in Fighting
   650 | D:1      | Found a faded altar of an unknown god.
   650 | D:1      | Noticed a Hell Sentinel
   947 | D:2      | Reached XP level 3. HP: 21/27 MP: 0/0
   947 | D:2      | Learned a level 1 spell: Sting
  1471 | D:2      | Reached XP level 4. HP: 30/32 MP: 0/0
  3092 | D:4      | Reached XP level 5. HP: 31/38 MP: 0/0
  3092 | D:4      | Learned a level 2 spell: Call Imp
  3300 | D:4      | Noticed a black bear
  3303 | D:4      | Killed a black bear
  3304 | D:4      | Reached XP level 6. HP: 31/45 MP: 0/0
  3419 | D:4      | Found a stormy altar of Qazlal.
  3543 | D:4      | Found a staircase to the Ecumenical Temple.
  3645 | D:4      | Found a glowing golden altar of the Shining One.
  3699 | Temple   | Entered the Ecumenical Temple
  3802 | Temple   | Became a worshipper of Ashenzari the Shackled
  4217 | D:5      | Entered Level 5 of the Dungeon
  4487 | D:5      | Reached XP level 7. HP: 44/50 MP: 0/0
  4487 | D:5      | Learned a level 2 spell: Poisonous Vapours
  4769 | D:5      | Reached skill level 5 in Spellcasting
  5662 | D:6      | Reached * piety under Ashenzari
  5728 | D:6      | Reached XP level 8. HP: 25/60 MP: 0/0
  6032 | D:6      | Reached skill level 5 in Fighting
  6304 | D:6      | Identified the Grimoire of Poison and Flight
  6318 | D:6      | Found Kujyx's Armour Emporium.
  6741 | D:7      | Reached ** piety under Ashenzari
  6972 | D:7      | Reached XP level 9. HP: 64/70 MP: 0/0
  6972 | D:7      | Learned a level 3 spell: Summon Guardian Golem
  7154 | D:7      | Noticed a gargoyle
  7157 | D:7      | Killed a gargoyle
  7198 | D:7      | Identified the +3 ring mail of Contentment {Harm Str-4
                  | Int+5}
  7250 | D:7      | Noticed a slime creature
  7257 | D:7      | Killed a slime creature
  7688 | D:7      | Found Gebilach's Jewellery Shoppe.
  7922 | D:8      | Found a runed translucent gate.
  7922 | D:8      | Found a runed translucent gate.
  7925 | D:8      | Found a runed translucent gate.
  8003 | D:8      | Noticed Maurice
  8009 | D:8      | Killed Maurice
  8101 | D:8      | Found Qumil's Antique Armour Shop.
  8131 | D:8      | Found Kaujeff's Assorted Antiques.
  8151 | D:8      | Reached XP level 10. HP: 36/79 MP: 0/0
  8205 | D:8      | Found a flagged portal.
  8220 | D:8      | Reached *** piety under Ashenzari
  8279 | Bailey   | Entered a bailey
  9013 | Bailey   | Identified a scroll of acquirement
  9378 | D:8      | Bought a faintly glowing lead amulet for 135 gold pieces
  9378 | D:8      | Identified the amulet of Ipherum {Faith rN+} (You bought it
                  | in a shop on level 8 of the Dungeon)
  9379 | D:8      | Acquired 510 gold pieces
  9504 | D:8      | Found Zerigh's Weapon Shoppe.
  9655 | D:8      | Found Buumikhi's Distillery.
  9748 | D:8      | Found a runed translucent door.
  9757 | D:8      | Found the +9 staff of Olgreb {rPois∞}
  9762 | D:8      | Found a runed translucent door.
  9910 | D:8      | Noticed a two-headed ogre
  9916 | D:8      | Killed a two-headed ogre
 10410 | D:8      | Reached skill level 10 in Spellcasting
 10750 | D:8      | Upgraded the game from 0.28-a0-199-g298df9dbad to
                  | 0.28-a0-224-g76b539d98b
 10783 | D:9      | Reached XP level 11. HP: 48/89 MP: 0/0
 10783 | D:9      | Learned a level 5 spell: Silence
 11183 | D:9      | Reached skill level 1 in Evocations
 11604 | D:9      | Found a staircase to the Orcish Mines.
 11746 | D:9      | Found a snail-covered altar of Cheibriados.
 11765 | D:9      | Reached **** piety under Ashenzari
 12073 | D:10     | Entered Level 10 of the Dungeon
 12127 | D:10     | Found a large runed translucent door.
 12128 | D:10     | Found a large runed translucent door.
 12321 | D:10     | Found a blossoming altar of Fedhas.
 12627 | D:10     | Reached ***** piety under Ashenzari
 12630 | D:10     | Reached skill level 1 in Shields
 13099 | D:10     | Found a shadowy altar of Dithmenos.
 13343 | D:11     | Upgraded the game from 0.28-a0-224-g76b539d98b to
                  | 0.28-a0-305-g9e858e973b
 13469 | D:11     | Found a shimmering altar of Xom.
 13470 | D:11     | Found a shimmering altar of Xom.
 13479 | D:11     | Noticed a cyclops
 13490 | D:11     | Reached skill level 10 in Fighting
 13495 | D:11     | Killed a cyclops
 13839 | D:11     | Reached XP level 12. HP: 87/102 MP: 0/0
 14007 | D:11     | Found a staircase to the Lair.
 14100 | Orc:1    | Entered Level 1 of the Orcish Mines
 14127 | Orc:1    | Reached ****** piety under Ashenzari
 14416 | Orc:2    | Entered Level 2 of the Orcish Mines
 14416 | Orc:2    | Found Bajoixut's General Store.
 14426 | Orc:2    | Noticed Nessos
 14442 | Orc:2    | Killed Nessos
 14998 | Orc:2    | Paralysed by an orc sorcerer for 5 turns
 15001 | Orc:2    | Noticed a sun demon
 15007 | Orc:2    | Noticed a sun demon
 15009 | Orc:2    | Reached skill level 5 in Shields
 15231 | Orc:2    | Found Zathrouli's Distillery.
 15248 | Orc:2    | Reached skill level 5 in Dodging
 15274 | Orc:2    | Noticed an orc high priest
 15280 | Orc:2    | Killed an orc high priest
 15341 | Orc:2    | Found Jun Ziaf's Antique Weapon Boutique.
 15358 | Orc:2    | Found Ciduogoq's Jewellery Emporium.
 15473 | Orc:2    | Found a staircase to the Elven Halls.
 15481 | Orc:2    | Noticed an orc warlord
 15485 | Orc:2    | Found Jilotut's Antique Armour Shoppe.
 15580 | Orc:2    | Killed an orc warlord
 15581 | Orc:2    | Reached XP level 13. HP: 83/109 MP: 0/0
 15581 | Orc:2    | Learned a level 5 spell: Agony
 15781 | Orc:2    | Gained mutation: You are weak. (Str -2) [a neqoxec]
 15944 | Orc:2    | Bought the ring of Disaster {rC+ rN+ Will+} for 734 gold
                  | pieces
 16131 | Orc:1    | Found a large runed translucent door.
 16131 | Orc:1    | Found a large runed translucent door.
 16149 | Orc:1    | Noticed Cinyl's ghost (journeyman DrGl)
 16149 | Orc:1    | Identified the ring "Jawn" {rElec rF+ Will+ Str-4}
 16258 | Orc:1    | Noticed Snorg
 16284 | Orc:1    | Killed Snorg
 16558 | Lair:1   | Entered Level 1 of the Lair of Beasts
 16700 | Lair:1   | Found a large runed translucent door.
 16702 | Lair:1   | Found a large runed translucent door.
 16703 | Lair:1   | Noticed jejorda2's ghost (journeyman MfBe)
 17313 | Lair:2   | Noticed Fannar
 17322 | Lair:2   | Killed Fannar
 17481 | Lair:2   | Reached XP level 14. HP: 108/117 MP: 0/0
 18009 | Lair:2   | Noticed Nergalle
 18017 | Lair:2   | Killed Nergalle
 18018 | Lair:2   | Reached skill level 10 in Shields
 19268 | Lair:4   | Found a frozen archway.
 19314 | IceCv    | Entered an ice cave
 19462 | IceCv    | Reached XP level 15. HP: 76/129 MP: 0/0
 19462 | IceCv    | Learned a level 6 spell: Conjure Ball Lightning
 19547 | IceCv    | Noticed a frost giant
 19634 | IceCv    | Killed from afar by a frost giant

Illustrated notes

Levels and vault maps discovered:
D:1:      kennysheep_arrival_forest, layout_basic,
          dreamdust_ecumenical_altar_sealed_demon
D:2:      layout_loops_cross, serial_co_window_serial,
          co_window_of_opportunity_a, co_window_corner_a, co_window_corner_a,
          co_window_paths_b, co_window_corner_a, co_window_paths_a,
          co_window_paths_b, co_window_corner_a, co_window_paths_a,
          co_window_corner_cb, co_window_corner_ca, co_window_unsneaky_path_e,
          co_window_broadway_c, co_window_paths_d, glass_columns_c,
          glass_columns_b, glass_columns_c, glass_columns_b, glass_columns_a,
          serial_bayou_ford_a
D:3:      layout_loops_ring, minmay_misc_feat_roman, minivault_23,
          chequers_jeans
D:4:      layout_basic, grunt_qazlal_clouds,
          mainiacjoe_overflow_six_doors_small, temple_statues
D:5:      layout_loops_ring
D:6:      layout_cave_pools, serial_shops, shop, hangedman_decor_growths,
          hangedman_decor_lopped
D:7:      lemuel_slime, layout_rooms, serial_shops, shop
D:8:      layout_basic, serial_shops, shop, shop_fountains, shop, shop,
          enter_bailey_7, ebering_dispersal_statue_hall,
          minmay_guarded_unrand_staff_of_olgreb, uniq_maurice
D:9:      layout_irregular_city, lemuel_round_altar
D:10:     layout_long_grid, fedhas_bush_and_centaur_altar,
          jmf_multi_god_temple2, nicolae_looking_at_the_future
D:11:     layout_roguey [special_room_orc], lair_entry_dummy, xom_redecorated
Temple:   lightli_temple_of_artemis
Lair:1:   layout_chaotic_city, ebering_ghost_disaster_area, serial_bayou_shore_b
Lair:2:   regret_index_tunnel_blossom, layout_big_grid, lemuel_fruit_fields,
          uniq_fannar, uniq_nergalle
Lair:3:   layout_layer_cave, fungi_pond_lemuel
Lair:4:   layout_roguey, swamp_mist, nicolae_spider_entry_tight_spaces,
          portal_ice_cave_entry_animals_and_master, kennysheep_catoblepas_arena
Orc:1:    layout_diamond_mine, ebering_ghost_disaster_area, uniq_snorg
Orc:2:    grunt_orc_gardens, layout_caves, grunt_orc_garden, grunt_orc_garden,
          grunt_orc_garden, grunt_orc_garden, serial_shops,
          nicolae_shop_crystal, nicolae_orc_bridge_out, uniq_nessos
IceCv:    ice_cave_small_giant

Skill      XL: |  1  2  3  4  5  6  7  8  9 10 11 12 13 14 |
---------------+-------------------------------------------+-----
Fighting       | 1 2 3 4 5 7 9 10 11 12 | 12.5
Spellcasting   | 3 4 5 7 8 10 11 12 | 12.9
Evocations     | 2 |  2.7
Shields        | 2 6 9 11 | 11.3
Dodging        | 3 5 7 9 |  9.3
Stealth        | |  1.5

Action                   |  1- 3 |  4- 6 |  7- 9 | 10-12 | 13-15 || total
-------------------------+-------+-------+-------+-------+-------++-------
Melee: Unarmed           |       |     1 |       |       |       ||     1
       Staff             |       |       |       |    18 |    10 ||    28
 Cast: Sandblast         |    31 |    14 |       |     2 |       ||    47
       Stone Arrow       |       |    35 |   120 |   243 |   423 ||   821
       Petrify           |       |       |       |     4 |     2 ||     6
Invok: Curse Item        |       |       |     3 |     6 |     3 ||    12
       Shatter the Chain |       |       |       |     1 |     2 ||     3
Evoke: Staff of Olgreb   |       |       |       |    35 |    23 ||    58
       Wand              |       |       |       |     1 |       ||     1
  Use: Scroll            |       |       |       |     1 |       ||     1
Armor: Robe              |       |     1 |     4 |    27 |       ||    32
       Troll leather arm |       |       |       |       |    22 ||    22
Dodge: Dodged            |     6 |     5 |     9 |    52 |    59 ||   131
Block: Buckler           |       |     1 |     6 |    37 |       ||    44
       Reflection        |       |       |     1 |    19 |     2 ||    22
       Tower shield      |       |       |       |    61 |   221 ||   282
       Kite shield       |       |       |       |     3 |       ||     3

Table legend: (Time is in decaauts)
 A = Elapsed time spent in this place.
 B = Non-inter-level travel time spent in this place.
 C = Inter-level travel time spent in this place.
 D = Time resting spent in this place.
 E = Time spent auto-exploring this place.
 F = Levels seen in this place.
 G = Mean time per level.
                   A        B        C        D        E       F      G
               +--------+--------+--------+--------+--------+-----+--------+
         Total |  19651 |  18758 |    893 |   2388 |  13443 |  20 |  982.5 |
       Dungeon |  13144 |  12490 |    654 |   1488 |   9652 |  11 | 1194.9 |
        Temple |    117 |    117 |      0 |      0 |     86 |   1 |  117.0 |
          Lair |   2758 |   2670 |     88 |     33 |   1928 |   4 |  689.5 |
  Orcish Mines |   2379 |   2229 |    150 |    567 |   1104 |   2 | 1189.5 |
        Bailey |    931 |    931 |      0 |    266 |    554 |   1 |  931.0 |
      Ice Cave |    319 |    319 |      0 |     34 |    119 |   1 |  319.0 |
               +--------+--------+--------+--------+--------+-----+--------+

Top non-repeatable levels by time:
     D:8: 2031 daAuts
     D:7: 1610 daAuts
   Orc:2: 1303 daAuts
     D:2: 1230 daAuts
     D:5: 1220 daAuts
    D:10: 1200 daAuts
     D:6: 1156 daAuts
   Orc:1: 1075 daAuts
     D:4: 1010 daAuts
  Lair:3: 976 daAuts
     D:9: 964 daAuts
     D:3: 938 daAuts
  Bailey: 931 daAuts
     D:1: 918 daAuts
    D:11: 863 daAuts
